 Dungeon Crawl Stone Soup version 0.28.0 (webtiles) character file.

Game seed: 10394965754551269892

324596 GordonOverkill the Slayer (level 21, -17/183 HPs)
             Began as a Hill Orc Delver on Feb 6, 2022.
             Was the Champion of Beogh.
             Demolished by a rockslime (28 damage)
             ... on level 2 of the Pits of Slime.
             The game lasted 02:34:11 (54619 turns).

GordonOverkill the Slayer (Hill Orc Delver)        Turns: 54619, Time: 02:34:11

Health: -17/183    AC: 33    Str: 23 (24) XL:     21   Next: 60%
Magic:  31/31      EV:  7    Int:  9 (10) God:    Beogh [******]
Gold:   1109       SH:  0    Dex:  8 (12) Spells: 20/20 levels left

rFire   . . .      SeeInvis .   a - +5 broad axe (vorpal)
rCold   + . .      Faith    .   p - +0 kite shield {rC+}
rNeg    . . .      Spirit   .   T - +1 crystal plate armour
rPois   .          Reflect  .   K - +2 helmet
rElec   .          Harm     .   v - +0 cloak
rCorr   +          Rampage  +   u - +2 pair of gloves
Will    +....                   f - +2 pair of boots {rampage}
Stlth   ..........              e - amulet of regeneration
HPRegen 1.20/turn               t - ring of resist corrosion
MPRegen 0.22/turn               w - +4 ring of slaying

@: confused, ambrosia-drunk, corroded, studying Earth Magic
A: walk on water, deterioration 1, frail 1, low MP 1, screaming 1, weak 1
}: 2/15 runes: barnacled, gossamer
a: Renounce Religion, Smiting, Recall Orcish Followers, Give Item to Named
Follower, Resurrection


You were on level 2 of the Pits of Slime.
You worshipped Beogh.
Beogh was exalted by your worship.
You visited 8 branches of the dungeon, and saw 41 of its levels.
You also visited: Ossuary and Ice Cave.

You collected 5065 gold pieces.
You spent 3956 gold pieces at shops.

Inventory:

Hand Weapons
 a - a +5 vorpal broad axe (weapon)
 b - the +8 war axe of the Thieving Fox {vorpal, Will+ Int+2}
   (You bought it in a shop on level 15 of the Dungeon)

   It inflicts extra damage upon your enemies.
   Int:       It affects your intelligence (+2).
   Will:      It increases your willpower.
 R - a +1 vampiric broad axe
Missiles
 G - 6 throwing nets
 L - 21 curare-tipped darts (quivered)
Armour
 f - a +2 pair of boots of rampaging (worn)
 p - a +0 kite shield of cold resistance (worn)
 u - a +2 pair of gloves (worn)
 v - a +0 cloak (worn)
 K - a +2 helmet (worn)
 T - a +1 crystal plate armour (worn)
Jewellery
 e - an amulet of regeneration (around neck)
 r - a ring of see invisible
 t - a ring of resist corrosion (left hand)
 w - a +4 ring of slaying (right hand)
 I - a ring of protection from fire
 Q - a ring of poison resistance
 V - a ring of protection from cold
Wands
 g - a wand of digging (15)
 i - a wand of acid (15)
 A - a wand of polymorph (11)
 D - a wand of charming (12)
 N - a wand of iceblast (20)
 U - a wand of mindburst (37)
 X - a wand of paralysis (9)
Scrolls
 c - 5 scrolls of fog
 h - 22 scrolls of identify
 k - 2 scrolls of silence
 x - 8 scrolls of fear
 y - 6 scrolls of magic mapping
 z - 15 scrolls of teleportation
 B - a scroll of blinking
 M - 6 scrolls of holy word
Potions
 d - 6 potions of flight
 m - 2 potions of cancellation
 n - 4 potions of magic
 o - 6 potions of mutation
 q - 7 potions of ambrosia
 s - 6 potions of resistance
 C - 9 potions of haste
 H - 3 potions of might
 J - 2 potions of berserk rage
 P - 4 potions of invisibility
Miscellaneous
 j - a tin of tremorstones (1/2)
 E - a phial of floods
 F - a box of beasts
 S - a phantom mirror
 Z - a lightning rod (4/4)


   Skills:
 + Level 21.3 Fighting
 - Level 18.0 Axes
 - Level 2.0 Throwing
 + Level 14.9 Armour
 + Level 10.0 Dodging
 - Level 4.1 Stealth
 - Level 20.0 Shields
 - Level 21.0 Invocations
 - Level 10.0 Evocations


You had 20 spell levels left.
You didn't know any spells.
Your spell library contained the following spells:

 Spells                   Type           Power      Damage    Failure   Level
 Animate Skeleton         Necr           0%         N/A       100%        1
 Foxfire                  Conj/Fire      0%         2x1d4     100%        1
 Pain                     Necr           0%         1d4       100%        1
 Slow                     Hex            0%         N/A       100%        1
 Corpse Rot               Necr/Air       0%         N/A       100%        2
 Ensorcelled Hibernation  Hex/Ice        0%         N/A       100%        2
 Passwall                 Tmut/Erth      0%         N/A       100%        2
 Poisonous Vapours        Pois/Air       0%         N/A       100%        2
 Scorch                   Fire           0%         2d5       100%        2
 Sublimation of Blood     Necr           0%         N/A       100%        2
 Wereblood                Tmut           0%         N/A       100%        2
 Call Canine Familiar     Summ           0%         N/A       100%        3
 Confusing Touch          Hex            0%         N/A       100%        3
 Conjure Flame            Conj/Fire      0%         6-21      100%        3
 Frozen Ramparts          Ice            0%         1d2       100%        3
 Gell's Gravitas          Tloc           0%         N/A       100%        3
 Ignite Poison            Fire/Tmut/Pois 0%         N/A       100%        3
 Inner Flame              Hex/Fire       0%         N/A       100%        3
 Mephitic Cloud           Conj/Pois/Air  0%         N/A       100%        3
 Ozocubu's Armour         Ice            0%         N/A       100%        3
 Portal Projectile        Hex/Tloc       0%         N/A       100%        3
 Swiftness                Air            0%         N/A       100%        3
 Teleport Other           Tloc           0%         N/A       100%        3
 Vampiric Draining        Necr           0%         2d6       100%        3
 Animate Dead             Necr           0%         N/A       100%        4
 Dispel Undead            Necr           0%         3d6       100%        4
 Flame Wave               Conj/Fire      0%         2d4       100%        4
 Ice Form                 Ice/Tmut       0%         N/A       100%        4
 Leda's Liquefaction      Hex/Erth       0%         N/A       100%        4
 Olgreb's Toxic Radiance  Pois           0%         N/A       100%        4
 Sticky Flame             Conj/Fire      0%         2d3       100%        4
 Summon Ice Beast         Ice/Summ       0%         N/A       100%        4
 Agony                    Necr           0%         N/A       100%        5
 Borgnjor's Vile Clutch   Necr/Erth      0%         N/A       100%        5
 Excruciating Wounds      Necr           0%         N/A       100%        5
 Fireball                 Conj/Fire      0%         3d3       100%        5
 Freezing Cloud           Conj/Ice/Air   0%         6-21      100%        5
 Lee's Rapid Deconstruct  Erth           0%         3d5*      100%        5
 Metabolic Englaciation   Hex/Ice        0%         N/A       100%        5
 Death Channel            Necr           0%         N/A       100%        6
 Dispersal                Tloc           0%         N/A       100%        6
 Simulacrum               Ice/Necr       0%         N/A       100%        6
 Starburst                Conj/Fire      0%         6d3       100%        6
 Statue Form              Tmut/Erth      0%         N/A       100%        6
 Summon Cactus Giant      Summ           0%         N/A       100%        6
 Ozocubu's Refrigeration  Ice            0%         4d5       100%        7
 Summon Hydra             Summ           0%         N/A       100%        7
 Ignition                 Fire           0%         3d3       100%        8
 Polar Vortex             Ice            0%         N/A       100%        9


Dungeon Overview and Level Annotations

Branches:
Dungeon (15/15)            Temple (0/1) D:4            Lair (6/6) D:9
 Shoals (4/4) Lair:4       Spider (4/4) Lair:3        Slime (2/5) Lair:5
    Orc (2/2) D:11            Elf (0/3) Orc:2        Vaults (4/5) D:13
  Crypt (0/3) Vaults:3     Depths (4/4) D:15        Ossuary (visited)
  IceCv (visited)
    Zot: Depths:4

Altars:
Ashenzari
Cheibriados
Elyvilon
Gozag
Hepliaklqana
Kikubaaqudgha
Okawaru
Ru
Trog
Uskayaw
Vehumet
Wu Jian
Yredelemnul
Zin
The Shining One

Shops:
D:8 [   D:11 [   D:12 !?=   D:15 *   Orc:1 *   Orc:2 [(:   Shoals:1 **
Shoals:4 [

Portals:
Hell: Depths:1 Depths:2 Depths:3 Depths:4
Abyss: Depths:1 Depths:2 Depths:3
Pandemonium: Depths:2 Depths:3
Ziggurat: Depths:4
Trove: D:10 (give 2 scrolls of acquirement)

Annotations:
D:9 3 runed translucent doors
Depths:3 the Enchantress
Depths:4 Saint Roka


Innate Abilities, Weirdness & Mutations

You can walk on water.
Your body sometimes deteriorates upon taking damage.
You are frail. (-10% HP)
Your magical capacity is low. (-10% MP)
You occasionally shout uncontrollably at your foes.
You are weak. (Str -2)


Message History

Two slime creatures merge to form a titanic slime creature.
You feel much better.
You are splashed with acid!
* * * LOW HITPOINT WARNING * * *
The acid blob spits acid at you.
The splash of acid hits you but does no damage.
The golden eye blinks at you.
You are more confused.
The rockslime hits you!!
* * * LOW HITPOINT WARNING * * *
You hold your ground!
You feel much better.
You are splashed with acid!!
* * * LOW HITPOINT WARNING * * *
Your body deteriorates!
You feel dopey.
The acid blob hits you but does no damage.
The rockslime hits you!!
* * * LOW HITPOINT WARNING * * *
Your body deteriorates!
You feel clumsy.
You hold your ground!
The titanic slime creature barely misses you.
The acid blob hits you!!
* * * LOW HITPOINT WARNING * * *
Your body deteriorates!
You feel clumsy.
You are splashed with acid.
You resist.
* * * LOW HITPOINT WARNING * * *
The golden eye blinks at you. You resist with almost no effort.
You feel much better.
You are splashed with acid!!
* * * LOW HITPOINT WARNING * * *
Your body deteriorates!
You feel clumsy.
The rockslime hits you but does no damage.
The golden eye blinks!
The acid blob hits you but does no damage.
Okay, then.
You are too confused!
Unknown command.
You are more confused.
You feel invigorated.
You are splashed with acid!!
* * * LOW HITPOINT WARNING * * *
The rockslime hits you!!
You die...

##......<.#........
#.........#........
.#............##...
##.#.........## ..
.. ##.........# .
.. ##.#.#....#.# #
#...#........#
##J............
#@JJ.....#.#.##
##J§........##
#J.........#
...........^#
.......#.#...
.....###. ..#....
.....


You could see an acid blob, an azure jelly, a titanic slime creature, a slime
creature and a rockslime.

Vanquished Creatures
  A tentacled monstrosity (Depths:4)
  A titan (Depths:2)
  2 krakens (Shoals:4)
  2 acid blobs (Slime:1)
  Polyphemus (Shoals:3)
  The ghost of feta the Warrior, an adept GrGl of Makhleb (Shoals:2)
  4 tengu reavers
  A fire giant (Depths:2)
  A rockslime (Lair:5)
  6 vault wardens
  6 emperor scorpions
  7 ghost moths
  Louise (Shoals:3)
  7 ironbound preservers
  Aizul (Depths:2)
  7 very ugly things
  A war gargoyle (Vaults:3)
  A quicksilver ooze (Lair:5)
  A spriggan defender (Depths:3)
  5 ironbound thunderhulks
  6 stone giants
  6 dire elephants
  2 entropy weavers (Spider:3)
  3 spark wasps
  2 ettins
  A crystal guardian (Vaults:3)
  4 fire dragons
  5 merfolk javelineers
  6 merfolk impalers
  2 blizzard demons (IceCv)
  6 yaktaur captains
  3 great orbs of eyes
  13 vault guards
  A radroach (Spider:4)
  5 rakshasas
  4 boulder beetles
  A spriggan air mage (Depths:2)
  3 ice dragons
  3 hydras
  An ogre mage (D:15)
  A peacekeeper (Vaults:3)
  2 alligator snapping turtles
  3 ironbound frosthearts
  A catoblepas (Shoals:2)
  2 merfolk aquamancers (Shoals:4)
  2 two-headed ogres
  4 centaur warriors
  4 merfolk avatars
  A jorogumo (Spider:2)
  4 death yaks
  A tengu warrior (Depths:2)
  4 deep troll earth magi
  A hell knight (Depths:3)
  2 pharaoh ants
  A skeletal warrior (D:15)
  3 iron trolls
  8 orb spiders
  12 sea snakes
  A glowing orange brain (Depths:2)
  3 steelbarb worms (Spider:4)
  A bog body (IceCv)
  19 deep trolls
  An obsidian statue (IceCv)
  12 ironbound convokers
  6 lindwurms
  16 wizards
  10 spriggan simulacra (IceCv)
  A lindwurm (shapeshifter) (Depths:3)
  23 harpies
  A deep elf pyromancer (D:14)
  4 necromancers
  A sphinx zombie (Depths:2)
  8 fauns (Shoals:3)
  13 wolf spiders
  A frost giant zombie (Depths:2)
  6 cyclopes
  2 shining eyes
  16 ugly things
  8 manticores
  3 moths of wrath
  4 elephants
  10 vault sentinels
  2 torpor snails
  2 black mambas
  7 water nymphs
  7 merfolk sirens
  An unseen horror (D:12)
  4 cane toads
  A demonic crawler (Spider:2)
  A rime drake (Lair:4)
  11 yaktaurs
  8 ice devils (IceCv)
  2 tengu conjurers (D:15)
  7 freezing wraiths
  7 komodo dragons
  An anaconda simulacrum (IceCv)
  A meliai (shapeshifter) (Depths:3)
  5 polar bears (Lair:6)
  5 entropy weaver simulacra (IceCv)
  15 meliai
  3 trolls
  13 merfolk
  27 tarantellas
  10 wind drakes
  A tarantella (shapeshifter) (D:14)
  6 blink frogs
  A hornet (Lair:6)
  11 snapping turtles
  17 slime creatures
  A fire giant simulacrum (Vaults:3)
  5 dream sheep
  14 jumping spiders
  2 wraiths (D:14)
  A shadow (D:11)
  14 water elementals
  16 culicivoras
  A vampire (D:5)
  9 spriggans (Lair:6)
  A wyvern (shapeshifter) (D:15)
  A dire elephant simulacrum (IceCv)
  A fire bat (shapeshifter) (D:8)
  6 wyverns
  5 golden eyes
  32 yaks
  An elf simulacrum (Vaults:3)
  6 minotaur simulacra (IceCv)
  44 redbacks
  6 vampire mosquitoes
  4 basilisks
  2 wargs
  2 harpy simulacra (IceCv)
  An acid dragon (D:11)
  12 water moccasins
  4 orc warriors
  2 ice beasts
  2 sky beasts
  An ettin simulacrum (IceCv)
  5 boggarts
  9 ogres
  3 black bears (Lair:6)
  7 centaurs
  A necrophage (D:6)
  12 wolves
  A phantom (D:6)
  2 kobold brigands
  12 bullfrogs
  A wyvern zombie (D:7)
  4 deep troll simulacra (IceCv)
  A water moccasin zombie (D:5)
  2 elf skeletons (D:4)
  A water moccasin skeleton (D:4)
  A lindwurm simulacrum (IceCv)
  6 killer bees (Lair:2)
  9 wights
  A howler monkey (D:8)
  7 centaur zombies
  A bullfrog skeleton (D:6)
  3 hounds
  2 jellies
  3 orc priests
  A gnoll shaman (D:8)
  2 human zombies
  A centaur skeleton (D:6)
  4 iguanas
  3 human skeletons
  9 orc wizards
  8 hell rats
  An ogre zombie (Ossuary)
  7 mummies (Ossuary)
  A howler monkey zombie (D:5)
  22 gnolls
  6 adders
  A howler monkey skeleton (D:6)
  A river rat (Lair:4)
  A shadow imp (D:6)
  A white imp (D:7)
  An ufetubus (D:5)
  3 adder zombies (Ossuary)
  3 worms
  A dart slug (D:3)
  12 orcs
  5 endoplasms
  3 giant cockroaches
  A gnoll zombie (Ossuary)
  6 goblins
  10 hobgoblins
  7 jackals
  18 kobolds
  2 quokkas
  5 ball pythons
  3 bats
  2 frilled lizards
  3 goblin zombies (Ossuary)
  5 hobgoblin zombies (Ossuary)
  4 kobold zombies (Ossuary)
  4 orc skeletons (D:4)
  An orc zombie (D:4)
  3 quokka zombies (Ossuary)
  8 rats
  5 rat zombies (Ossuary)
  9 tentacles
1019 creatures vanquished.

Vanquished Creatures (collateral kills)
  Bai Suzhen (Depths:2)
  Xtahua (Vaults:4)
  2 golden dragons
  A titan (Vaults:4)
  A walking crystal tome (Depths:2)
  2 sphinxes
  A kraken (Shoals:2)
  Roxanne (Shoals:4)
  2 tengu reavers
  Ilsuiw (Shoals:3)
  2 frost giants
  3 emperor scorpions
  9 vault wardens
  An orc warlord (Orc:1)
  2 fire giants
  A broodmother (Spider:1)
  A spriggan defender (Depths:3)
  4 ironbound preservers
  A ghoul (Vaults:3)
  5 ironbound thunderhulks
  6 very ugly things
  6 stone giants
  A vampire knight (Depths:4)
  2 spark wasps
  5 dire elephants
  4 entropy weavers
  5 ettins
  6 merfolk impalers
  5 fire dragons
  2 yaktaur captains
  3 great orbs of eyes
  A rakshasa (Depths:1)
  3 spriggan air magi
  2 boulder beetles
  4 death knights
  A jorogumo (Spider:1)
  6 ice dragons
  4 vault guards
  3 ironbound frosthearts
  4 hydras
  2 merfolk aquamancers
  A catoblepas (Lair:6)
  A radroach (Spider:1)
  4 two-headed ogres
  A centaur warrior (D:13)
  5 tengu warriors
  A vampire mage (Depths:2)
  4 deep troll earth magi
  A satyr (Shoals:3)
  11 death yaks
  2 spriggan berserkers
  2 orc high priests (Orc:2)
  A soul eater (Vaults:3)
  5 spriggans (Lair:6)
  3 hell knights
  Sonja (Orc:2)
  A sun demon (Depths:3)
  A golden dragon zombie (Depths:2)
  3 iron trolls
  2 pharaoh ants
  A sun moth (Spider:1)
  2 steelbarb worms (Spider:1)
  2 sea snakes
  A spark wasp zombie (Depths:1)
  12 deep trolls
  4 lindwurms
  A flayed ghost (Depths:2)
  A tengu zombie (Depths:2)
  12 ironbound convokers
  6 harpies
  4 necromancers
  2 phantasmal warriors
  4 wolf spiders
  6 orc knights
  An orc sorcerer (Depths:2)
  10 ugly things
  5 cyclopes
  7 manticores
  An oklob plant (Lair:3)
  An elephant (Lair:2)
  A stone giant skeleton (Depths:1)
  4 black mambas
  9 vault sentinels
  A gargoyle (D:14)
  4 torpor snails
  6 cane toads
  A cane toad (shapeshifter) (Depths:3)
  2 demonic crawlers
  4 freezing wraiths
  5 yaktaurs
  6 komodo dragons
  A tengu conjurer (D:13)
  A queen bee (Lair:2)
  2 meliai
  5 trolls
  4 tarantellas (Spider:1)
  9 merfolk
  A wind drake (Shoals:4)
  5 hornets (Lair:6)
  A queen bee (shapeshifter) (D:13)
  5 polar bears
  2 blink frogs (Lair:3)
  A frost giant simulacrum (Depths:1)
  4 dream sheep (Lair:4)
  17 slime creatures
  2 snapping turtles (Shoals:4)
  A jumping spider (shapeshifter) (Depths:3)
  4 jumping spiders
  A yak (shapeshifter) (D:13)
  6 culicivoras
  4 water elementals
  35 yaks
  5 basilisks
  2 wraiths
  16 redbacks
  2 vampire mosquitoes (D:15)
  A warg (shapeshifter) (D:13)
  An acid dragon (shapeshifter) (D:15)
  2 wargs
  A swamp worm (shapeshifter) (D:13)
  7 water moccasins
  An acid dragon (D:12)
  6 orc warriors
  14 wolves
  9 ogres
  A boggart (Lair:6)
  3 centaurs
  A tengu (shapeshifter) (Depths:3)
  3 bullfrogs
  2 gnoll sergeants
  A wyvern zombie (D:7)
  A wyvern skeleton (D:7)
  19 killer bees (Lair:2)
  4 wights (D:9)
  5 orc priests
  3 hell rats
  2 orc wizards
  A killer bee zombie (D:8)
  A howler monkey zombie (D:9)
  A gnoll (D:9)
  A river rat (Lair:4)
  An ufetubus (D:5)
  13 orcs
  A kobold (D:7)
  3 rats (Lair:4)
  A butterfly (Lair:3)
  2 tentacles (Shoals:2)
541 creatures vanquished.

Vanquished Creatures (others)
  Saint Roka (Depths:4)
  7 orc warlords
  Urug (Vaults:3)
  A tengu warrior (Depths:2)
  3 orc high priests (Orc:2)
  3 orc sorcerers
  6 orc knights
  A tengu conjurer (D:14)
  A meliai (Spider:4)
  19 orc warriors
  21 orc priests
  15 orc wizards
  A dart slug (D:4)
  50 orcs
  A kobold (D:4)
  An orc skeleton (D:4)
  30 fungi
  173 plants
  17 tentacles
  5 withered plants (D:12)
357 creatures vanquished.

Grand Total: 1917 creatures vanquished

Notes
Turn   | Place    | Note
-------+----------+-------------------------------------------
     0 | D:5      | GordonOverkill the Hill Orc Delver began the quest for the
                  | Orb.
     0 | D:5      | Reached XP level 1. HP: 19/19 MP: 1/1
     7 | D:5      | Noticed a hound
    34 | D:6      | Found a broken altar of Ashenzari.
   100 | D:6      | Noticed an ogre
   147 | D:5      | Killed a hound
   148 | D:5      | Reached XP level 2. HP: 6/27 MP: 2/2
   148 | D:5      | Reached XP level 3. HP: 7/33 MP: 3/3
   584 | D:5      | Reached XP level 4. HP: 41/41 MP: 4/4
   586 | D:4      | Became a worshipper of Beogh the Brigand
   641 | D:4      | Found a staircase to the Ecumenical Temple.
   676 | D:4      | Reached skill level 5 in Axes
   676 | D:4      | Reached skill level 1 in Throwing
   835 | D:4      | Reached XP level 5. HP: 33/47 MP: 5/5
   939 | D:4      | Reached skill level 5 in Fighting
   968 | D:4      | Found a sand-covered staircase.
   972 | Ossuary  | Entered an ossuary
  1137 | Ossuary  | Reached XP level 6. HP: 56/56 MP: 6/6
  1191 | Ossuary  | Reached * piety under Beogh
  1708 | Ossuary  | Reached XP level 7. HP: 58/62 MP: 7/7
  2386 | D:4      | Reached ** piety under Beogh
  2928 | D:3      | Found a snail-covered altar of Cheibriados.
  3584 | D:1      | Reached XP level 8. HP: 71/71 MP: 8/8
  4136 | D:2      | Found a faded altar of an unknown god.
  4149 | D:2      | Reached *** piety under Beogh
  4322 | D:2      | Found a snail-covered altar of Cheibriados.
  4464 | D:3      | Found an ornate altar of the Wu Jian Council.
  4974 | D:4      | Found an opulent altar of Gozag.
  5409 | D:4      | Found a hazy altar of Hepliaklqana.
  5412 | D:4      | Found a sacrificial altar of Ru.
  5417 | D:4      | Found a basalt altar of Yredelemnul.
  5701 | D:5      | Reached skill level 1 in Shields
  5711 | D:5      | Reached skill level 10 in Axes
  6067 | D:5      | Noticed a vampire
  6701 | D:5      | Killed a vampire
  6893 | D:6      | Reached skill level 1 in Invocations
  7064 | D:6      | Reached skill level 1 in Evocations
  7064 | D:6      | Reached XP level 9. HP: 81/81 MP: 8/10
  7450 | D:6      | Found a white marble altar of Elyvilon.
  7522 | D:6      | Found an iron altar of Okawaru.
  7622 | D:7      | Found a bloodstained altar of Trog.
  8950 | D:7      | Reached **** piety under Beogh
  8951 | D:7      | Reached XP level 10. HP: 45/90 MP: 13/13
  9551 | D:8      | Reached skill level 5 in Shields
  9558 | D:8      | Reached skill level 5 in Invocations
 10100 | D:8      | Found Edocsuon's Antique Armour Shoppe.
 10143 | D:8      | Noticed a tengu warrior
 10150 | D:8      | Killed a tengu warrior
 10651 | D:8      | Found Edocsuon's Antique Armour Shoppe.
 11575 | D:9      | Found a runed translucent gate.
 11575 | D:9      | Found a runed translucent gate.
 11575 | D:9      | Found a runed translucent gate.
 11575 | D:9      | Noticed a moth of wrath
 11575 | D:9      | Noticed a green ugly thing
 11575 | D:9      | Noticed a white ugly thing
 11575 | D:9      | Noticed a purple ugly thing
 11575 | D:9      | Noticed a purple ugly thing
 11575 | D:9      | Noticed a red ugly thing
 11576 | D:9      | Noticed a brown ugly thing
 11579 | D:9      | Noticed a faun
 11579 | D:9      | a moth of wrath changed into a faun
 11954 | D:9      | Found a staircase to the Lair.
 12015 | D:9      | Reached skill level 10 in Fighting
 12268 | D:10     | Entered Level 10 of the Dungeon
 12421 | D:10     | Noticed a two-headed ogre
 12432 | D:10     | Killed a two-headed ogre
 12492 | D:10     | Reached skill level 15 in Axes
 12492 | D:10     | Reached XP level 11. HP: 99/99 MP: 14/14
 12695 | D:10     | Found a portal to a secret trove of treasure.
 13474 | D:11     | Reached ***** piety under Beogh
 13546 | D:11     | Noticed a cyclops
 13547 | D:11     | Reached skill level 1 in Armour
 13553 | D:11     | Gained Margrim as an ally
 13554 | D:11     | Found a staircase to the Orcish Mines.
 13556 | D:11     | Gained Bolgrim as an ally
 13558 | D:11     | Killed a cyclops
 13569 | D:11     | Noticed a manticore
 13576 | D:11     | Killed a manticore
 13790 | D:11     | Found Giston's Armour Emporium.
 14125 | D:12     | Found an ancient bone altar of Kikubaaqudgha.
 14310 | D:12     | Found Kupacw's Magic Scroll Boutique.
 14407 | D:12     | Noticed a manticore
 14412 | D:12     | Killed a manticore
 14492 | D:12     | Noticed a five-headed hydra
 14497 | D:12     | Killed a five-headed hydra
 14522 | D:12     | Noticed a fire dragon
 14527 | D:12     | Killed a fire dragon
 14528 | D:12     | Reached XP level 12. HP: 108/108 MP: 15/15
 14536 | D:12     | Found Xuyc Dell's Magic Scroll Shop.
 14592 | D:12     | Found Muunty's Distillery.
 14620 | D:12     | Noticed a boulder beetle
 14624 | D:12     | Killed a boulder beetle
 14625 | D:12     | Found Zufuffys's Jewellery Boutique.
 14900 | D:13     | Noticed a centaur warrior
 14907 | D:13     | Killed a centaur warrior
 15019 | D:13     | Found a gate to the Vaults.
 15032 | D:13     | Noticed an anaconda
 15032 | D:13     | an orb spider changed into an anaconda
 15034 | D:13     | Noticed a shock serpent
 15034 | D:13     | an anaconda changed into a shock serpent
 15035 | D:13     | a shock serpent changed into a mana viper
 15289 | D:13     | Noticed a tengu warrior
 15301 | D:13     | Killed a tengu warrior
 15301 | D:13     | Gained Brandogh as an ally
 15366 | D:13     | Noticed a tengu warrior
 15367 | D:13     | Noticed a tengu warrior
 15378 | D:13     | Killed a tengu warrior
 15385 | D:13     | Killed a tengu warrior
 15710 | D:13     | Noticed a centaur warrior
 15714 | D:13     | Killed a centaur warrior
 15715 | D:13     | Reached skill level 5 in Armour
 16063 | Lair:1   | Entered Level 1 of the Lair of Beasts
 16199 | Lair:1   | Identified the +1 chain mail "Ryliomn" {rElec Will+}
 16305 | Lair:1   | Reached skill level 10 in Shields
 16371 | Lair:1   | Noticed an eight-headed hydra
 16381 | Lair:1   | Killed an eight-headed hydra
 16546 | Lair:1   | Gained Korbok as an ally
 17122 | Lair:2   | Noticed a boulder beetle
 17139 | Lair:2   | Killed a boulder beetle
 17142 | Lair:2   | Reached XP level 13. HP: 88/119 MP: 16/16
 17301 | Lair:2   | Reached ****** piety under Beogh
 18299 | Lair:3   | Found a hide-covered altar of Uskayaw.
 18550 | Lair:3   | Found a hole to the Spider Nest.
 18589 | Lair:3   | Identified the +4 dagger of Yketu Qil {vamp, rElec rCorr
                  | Dex+2 Stlth-}
 18941 | Lair:3   | Identified the amulet "Uburham" {Faith Harm Rampage +Inv
                  | Will-}
 19826 | Lair:4   | Reached skill level 15 in Fighting
 19958 | Lair:4   | Found a staircase to the Shoals.
 20313 | Lair:5   | Found a staircase to the Slime Pits.
 20370 | Lair:5   | Reached XP level 14. HP: 116/135 MP: 17/17
 20374 | Lair:5   | Gained Morbeogh as an ally
 21107 | Lair:6   | Entered Level 6 of the Lair of Beasts
 21507 | Lair:6   | Gained Zartorak as an ally
 21513 | Lair:6   | Reached skill level 15 in Shields
 21560 | Lair:6   | Identified the +4 flail "Vik Nov" {vorpal, Int+3}
 21946 | Lair:6   | Paralysed by a hornet for 3 turns
 23682 | D:14     | Reached skill level 5 in Evocations
 23710 | D:14     | Found a glowing silver altar of Zin.
 24048 | D:14     | Reached XP level 15. HP: 115/143 MP: 20/20
 24253 | D:15     | Entered Level 15 of the Dungeon
 24486 | D:15     | Found Vys Bicaroc's Mayhem Merchandise.
 25199 | D:15     | Found a staircase to the Depths.
 25693 | Orc:1    | Entered Level 1 of the Orcish Mines
 25695 | Orc:1    | Found Hikemas's General Store.
 26019 | Orc:2    | Entered Level 2 of the Orcish Mines
 26043 | Orc:2    | Found Jeisuna's General Store.
 26122 | Orc:2    | Noticed Sonja
 26129 | Orc:2    | Killed Sonja
 26129 | Orc:2    | Gained Rocco as an ally
 26142 | Orc:2    | Noticed an orc warlord
 26148 | Orc:2    | Noticed Urug
 26157 | Orc:2    | Gained Murdo as an ally
 26158 | Orc:2    | Your ally Murdo died
 26162 | Orc:2    | Your ally Rocco died
 26164 | Orc:2    | Your ally Korbok died
 26293 | Orc:1    | Your ally Margrim died
 26294 | Orc:1    | Killed an orc warlord
 26314 | Orc:2    | Your ally Morbeogh died
 26489 | Orc:2    | Found Sure's Antique Weapon Shop.
 26492 | Orc:2    | Found a staircase to the Elven Halls.
 26585 | Orc:2    | Found Burestrea's Book Emporium.
 26645 | Orc:2    | Found Qucogeol's Antique Armour Shop.
 27197 | D:8      | Bought a runed crystal plate armour for 2158 gold pieces
 27395 | Spider:1 | Entered Level 1 of the Spider Nest
 27648 | Spider:1 | Reached skill level 10 in Invocations
 27724 | Spider:1 | Noticed an emperor scorpion
 27731 | Spider:1 | Killed an emperor scorpion
 28553 | Spider:2 | Killed a ghost moth
 28554 | Spider:2 | Reached XP level 16. HP: 109/155 MP: 0/24
 29121 | Spider:1 | Reached skill level 10 in Armour
 30919 | Spider:3 | Gained Korbok as an ally
 31671 | Spider:4 | Entered Level 4 of the Spider Nest
 32324 | Spider:4 | Identified the +4 hand axe of Extremism {holy, Will+ Str+2
                  | Dex+4}
 32394 | Spider:4 | Reached skill level 10 in Evocations
 32818 | Spider:4 | Reached XP level 17. HP: 154/166 MP: 0/27
 32869 | Spider:4 | Your ally Korbok died
 33464 | Spider:4 | Got a gossamer rune of Zot
 33891 | Vaults:1 | Entered Level 1 of the Vaults
 34166 | Vaults:1 | Reached skill level 15 in Invocations
 36606 | D:15     | Bought the +8 war axe of the Thieving Fox {vorpal, Will+
                  | Int+2} for 868 gold pieces
 36910 | Vaults:2 | Reached XP level 18. HP: 156/178 MP: 30/30
 37495 | Vaults:2 | Gained Ortolf as an ally
 37684 | Vaults:2 | Your ally Ortolf died
 39890 | Vaults:3 | Your ally Urug died
 40106 | Vaults:3 | Found a staircase to the Crypt.
 40116 | Vaults:3 | Reached skill level 5 in Dodging
 40667 | Vaults:4 | Noticed a titan
 40672 | Vaults:4 | Killed a titan
 40825 | Vaults:4 | Reached XP level 19. HP: 171/185 MP: 29/33
 40990 | Vaults:4 | Gained Gorm as an ally
 41003 | Vaults:4 | Your ally Brandogh died
 41637 | Vaults:4 | Noticed Xtahua
 41639 | Vaults:4 | Paralysed by Xtahua for 6 turns
 41643 | Vaults:4 | Killed Xtahua
 41643 | Vaults:4 | Gained Bogbrand as an ally
 42508 | D:12     | Bought a potion of heal wounds for 60 gold pieces
 42508 | D:12     | Bought a potion of heal wounds for 60 gold pieces
 42508 | D:12     | Bought a potion of heal wounds for 60 gold pieces
 42508 | D:12     | Bought a potion of might for 48 gold pieces
 42508 | D:12     | Bought a potion of might for 48 gold pieces
 42508 | D:12     | Bought a potion of mutation for 96 gold pieces
 42508 | D:12     | Bought a potion of ambrosia for 96 gold pieces
 42554 | Orc:1    | Bought a potion of heal wounds for 70 gold pieces
 42554 | Orc:1    | Bought a scroll of teleportation for 42 gold pieces
 42554 | Orc:1    | Bought 6 curare-tipped darts for 50 gold pieces
 42710 | Depths:1 | Entered Level 1 of the Depths
 43706 | Depths:1 | Found a one-way gate to the infinite horrors of the Abyss.
 43836 | Depths:1 | Found a gateway to Hell.
 43908 | Depths:1 | Found a white marble altar of Elyvilon.
 43908 | Depths:1 | Found a glowing silver altar of Zin.
 43909 | Depths:1 | Found a glowing golden altar of the Shining One.
 44036 | Depths:2 | Noticed Aizul
 44050 | Depths:2 | Killed Aizul
 44301 | Depths:2 | Noticed Bai Suzhen
 44316 | Depths:2 | Killed Bai Suzhen
 44318 | Depths:2 | Paralysed by a great orb of eyes for 4 turns
 44337 | Depths:2 | Your ally Zartorak died
 44733 | Depths:2 | Noticed a golden dragon
 44736 | Depths:2 | Killed a golden dragon
 44785 | Depths:2 | Noticed a walking crystal tome
 44785 | Depths:2 | Noticed Saint Roka
 44794 | Depths:2 | Your ally Gorm died
 44796 | Depths:2 | Killed a walking crystal tome
 45007 | Depths:2 | Reached XP level 20. HP: 177/193 MP: 34/34
 45138 | Depths:2 | Found a one-way gate leading to the halls of Pandemonium.
 45771 | Depths:3 | You fall into a shaft and drop 1 floor!
 45771 | Depths:4 | Entered Level 4 of the Depths
 45893 | Depths:3 | Noticed a golden dragon
 45899 | Depths:3 | Killed a golden dragon
 46991 | Depths:4 | Found a one-way gateway to a ziggurat.
 47057 | Depths:4 | Found a radiant altar of Vehumet.
 47057 | Depths:4 | Found a hide-covered altar of Uskayaw.
 47058 | Depths:4 | Found a broken altar of Ashenzari.
 47066 | Depths:4 | Noticed a juggernaut
 47068 | Depths:4 | Noticed a juggernaut
 47075 | Depths:4 | Noticed the Enchantress
 47081 | Depths:4 | Your ally Saint Roka died
 47081 | Depths:4 | Your ally Bolgrim died
 47082 | Depths:4 | Your ally Bogbrand died
 47925 | Shoals:1 | Entered Level 1 of the Shoals
 48029 | Shoals:1 | Found Koephuq's Overcharged Wands.
 48037 | Shoals:1 | Found Pobokkus's Assorted Antiques.
 48080 | Shoals:1 | Gained Bogbarth as an ally
 48322 | Shoals:1 | Your ally Bogbarth died
 48410 | Shoals:1 | Gained Agrik as an ally
 48866 | Shoals:2 | Found a transporter.
 48866 | Shoals:2 | Found a transporter.
 48867 | Shoals:2 | Noticed feta's ghost (adept GrGl)
 49124 | Shoals:2 | Your ally Agrik died
 49540 | Shoals:2 | Gained Olfik as an ally
 49584 | Shoals:2 | Killed feta's ghost
 49692 | Shoals:2 | Identified the ring of the Pariah {MP+9 Int+2}
 49720 | Shoals:3 | Noticed Polyphemus
 49852 | Shoals:3 | Killed Polyphemus
 50050 | Shoals:3 | Gained Herok as an ally
 50215 | Shoals:3 | Noticed Ilsuiw
 50222 | Shoals:3 | Killed Ilsuiw
 50237 | Shoals:3 | Found a frozen archway.
 50240 | Shoals:3 | Noticed Louise
 50246 | Shoals:3 | Killed Louise
 50251 | IceCv    | Entered an ice cave
 50586 | IceCv    | Reached XP level 21. HP: 202/202 MP: 35/35
 50623 | IceCv    | Identified the +5 hunting sling "Ucu Rah" {flame, rC+}
 51050 | IceCv    | Gained Oreg as an ally
 52190 | Shoals:4 | Entered Level 4 of the Shoals
 52797 | Shoals:4 | Noticed Roxanne
 52807 | Shoals:4 | Killed Roxanne
 53064 | Shoals:4 | Your ally Oreg died
 53070 | Shoals:4 | Your ally Herok died
 53113 | Shoals:4 | Got a barnacled rune of Zot
 53285 | Shoals:4 | Found Hawuzirr's Antique Armour Shoppe.
 53584 | Shoals:4 | Identified the +5 plate armour of Lifelessness {rC+}
 53965 | D:12     | Bought a ring of resist corrosion for 300 gold pieces
 54197 | Slime:1  | Entered Level 1 of the Pits of Slime
 54206 | Slime:1  | Paralysed by a great orb of eyes for 3 turns
 54314 | Slime:1  | Gained mutation: You are weak. (Str -2) [a shining eye]
 54368 | Slime:1  | Gained mutation: Your body sometimes deteriorates upon
                  | taking damage. [a shining eye]
 54371 | Lair:5   | Gained mutation: Your magical capacity is low. (-10% MP) [a
                  | shining eye]
 54372 | Lair:5   | Gained mutation: You occasionally shout uncontrollably at
                  | your foes. [a shining eye]
 54383 | Slime:1  | Gained mutation: You are frail. (-10% HP) [a shining eye]
 54492 | Slime:2  | Reached skill level 10 in Dodging
 54619 | Slime:2  | HP: 7/183 [acid (23)]
 54619 | Slime:2  | Demolished by a rockslime

Illustrated notes

Levels and vault maps discovered:
D:1:      minmay_arrival_open_corners, layout_rooms
D:2:      layout_basic, basic_altar, hellmonk_ecumenical_altar_crossroads
D:3:      layout_basic, cheibriados_altar_1, mainiacjoe_overflow_alcove_1,
          st_stairs_2, minmay_pentomino_pile
D:4:      layout_basic, mainiacjoe_overflow_brackets,
          grunt_temple_overflow_diamond, temple_statues,
          nicolae_ossuary_entry_catacombs
D:5:      layout_cave_pods, serial_bayou, serial_bayou_shore_a,
          serial_bayou_ford_a, serial_bayou_pond_d, serial_bayou_lagoon_a
D:6:      layout_rooms, mainiacjoe_overflow_small_starburst,
          nicolae_ashenzari_panopticon, okawaru_ov_weapons_minmay,
          kennysheep_minor_cross
D:7:      layout_cave_pools, bloody_trog, hangedman_decor_diamond_cutter,
          grunt_potential
D:8:      minmay_diamond_stairs, layout_loops_cross, serial_shops,
          nicolae_shop_statue_plus
D:9:      layout_loops_corners, lair_entry_dummy,
          ploomutoo_gammafunk_ghost_potion_laboratory, patterned_corridor
D:10:     nicolae_cairo_tiling, layout_gridville, trove_entry_hex_spiral,
          palyth_stone_intersect, kennysheep_generic_room_2
D:11:     layout_gridville, erik_orc_4, serial_shops, shop
D:12:     layout_roguey, serial_shops, shop, shop, nicolae_diamond_shop, shop,
          kiku_gazebo_garden_becter
D:13:     layout_basic, david_vaults_2
D:14:     minmay_wizard_corner, layout_basic, zin_scriptorium
D:15:     grunt_enter_depths_hoard, layout_loops_corners, solitary_fountain,
          grunt_ministairs_2, minmay_shop_mayhem, nrook_mini_backslash
Lair:1:   layout_cave_pods
Lair:2:   regret_index_tunnel_blossom, layout_chaotic_city
Lair:3:   layout_roguey, spider_nest_entry_rubble, basic_altar, nzn_random_ring,
          lemuel_fruit_fields
Lair:4:   layout_cave_pods, elwin_shoals_entry_rooms,
          kennysheep_abandoned_house, lemuel_fruit_fields
Lair:5:   layout_long_grid, slime_dummy
Lair:6:   minmay_lair_end_enchanted_forest, layout_cave_pods
Shoals:1: layout_shoals, serial_shops, nicolae_shop_crystal,
          nicolae_shop_overcharged_wands
Shoals:2: layout_shoals, ebering_ghost_davey_jones,
          nicolae_shoals_lost_giant_temple
Shoals:3: layout_shoals, portal_ice_cave_entry_pillars_1, uniq_polyphemus,
          uniq_ilsuiw, uniq_louise
Shoals:4: shoals_end_grunt_ice, layout_shoals, serial_shops, nicolae_shop_trees,
          uniq_roxanne
Spider:1: layout_spider_delve, nicolae_spider_claw_tunnel
Spider:2: layout_spider_delve
Spider:3: layout_chambers, drop_trap
Spider:4: grunt_spider_rune_circles
Slime:1:  layout_caves
Slime:2:  layout_caves
Orc:1:    layout_caves, serial_shops, nicolae_square_shop
Orc:2:    grunt_orc_gardens, layout_caves, grunt_orc_garden, grunt_orc_garden,
          grunt_orc_garden, grunt_orc_garden, abandoned_shop,
          hellmonk_guarded_unrand_dark_maul, uniq_sonja, uniq_urug
Vaults:1: vaults_standard_mumra_enter_the_diamond, hangedman_vaults_capsules,
          v_misc_29, vaults_room_hallway, nicolae_vaults_little_squares_6,
          v_pattern_4, nicolae_vaults_good_morning_starshine,
          nicolae_vaults_three_branches, nicolae_vaults_little_squares_4,
          vaults_dpeg_spiral, vaults_room_grunt_arrival_ludios,
          hangedman_vaults_corner_blocks, nicolae_vaults_little_squares_3,
          ontoclasm_vaults_twist, layout_vaults_omnicross
Vaults:2: nicolae_vaults_mini_display_case, ontoclasm_vaults_misaligned,
          dpeg_vaults_monster_row, hangedman_vaults_stitches,
          nicolae_vaults_big_ls, vaults_dpeg_encased_lava, st_diamondy,
          hangedman_vaults_stretched_pinwheel, serial_ice_b, grunt_vaults_focal,
          v_misc_22, layout_vaults_omnigrid
Vaults:3: minmay_crypt_entry_simple_sparse,
          vaults_room_grunt_arrival_checkpoint, hangedman_vaults_slice,
          grunt_vaults_hallway_short, v_pattern_3, layout_vaults_chaotic_city
Vaults:4: nicolae_vaults_quadrants, nicolae_vaults_big_angled_halls,
          vaults_room_pool, nicolae_vaults_ninety_degrees,
          nicolae_vaults_diagonal_hallway_9, v_pattern_1,
          dpeg_vaults_monster_box, vaults_dpeg_diagonal, hangedman_vaults_nails,
          ontoclasm_vaults_bender, ontoclasm_vaults_idyll, nicolae_vaults_theta,
          nicolae_vaults_diagonal_hallway_7, nicolae_vaults_border_crossing,
          v_misc_25, nicolae_vaults_little_squares_6, layout_vaults_ring,
          uniq_xtahua
Depths:1: layout_cave_pools, serial_bayou, serial_bayou_crossing,
          serial_bayou_pond_c, serial_bayou_pond_d, serial_bayou_pond_b,
          grunt_hell_entry_dis_old, good_gods_temple_1, abyss_entry_crystal,
          kennysheep_generic_room_10
Depths:2: wad_courtyard, layout_basic, nicolae_lava_and_water,
          hangedman_abyss_entry_splay, pf_coc_iceberg, pan_entry, uniq_aizul,
          uniq_bai_suzhen, uniq_saint_roka
Depths:3: minmay_split_circle, layout_small_grid, grunt_decor_resistance,
          pf_hell_entry_tar_spiral, abyss_entry, rand_demon_pan_entry_5
Depths:4: hangedman_slaughterboxes, hell_entry, uniq_margery, uniq_enchantress

Skill      XL: |  1  2  3  4  5  6  7  8  9 10 11 12 13 14 15 16 17 18 19 20 21 |
---------------+----------------------------------------------------------------+-----
Fighting       | 4 5 6 7 8 10 12 15 17 18 20 21 | 21.3
Axes           | 4 5 6 7 9 11 12 15 16 17 18 | 18.0
Throwing       | 1 2 |  2.0
Shields        | 3 4 7 8 10 13 15 17 20 | 20.0
Invocations    | 1 4 5 7 10 13 17 21 | 21.0
Evocations     | 1 3 5 7 10 | 10.0
Armour         | 3 5 7 9 10 11 13 14 | 14.9
Dodging        | 3 4 5 8 10 | 10.0
Stealth        | |  4.1

Action                   |  1- 3 |  4- 6 |  7- 9 | 10-12 | 13-15 | 16-18 | 19-21 || total
-------------------------+-------+-------+-------+-------+-------+-------+-------++-------
Melee: Hand axe          |    36 |   232 |   675 |   548 |  1181 |       |       ||  2672
       Punch             |       |       |     5 |       |       |       |       ||     5
       Flail             |       |       |       |     4 |    22 |       |       ||    26
       Broad axe         |       |       |       |       |   149 |  1064 |  1273 ||  2486
       War axe           |       |       |       |       |       |   128 |       ||   128
Throw: Dart              |       |       |    19 |     7 |     5 |     1 |       ||    32
Invok: Convert to Beogh  |       |     1 |       |       |       |       |       ||     1
       Smiting           |       |       |     3 |       |     3 |     9 |    29 ||    44
       Recall Orcish Fol |       |       |       |     2 |     7 |     9 |     9 ||    27
       Give Item to Name |       |       |       |     2 |       |     2 |     2 ||     6
Evoke: Wand              |       |       |       |    14 |     7 |     7 |     6 ||    34
       Lightning rod     |       |       |       |       |     1 |     4 |       ||     5
       Tin of tremorston |       |       |       |       |     2 |     4 |     2 ||     8
  Use: Scroll            |     2 |       |     9 |     9 |     9 |     6 |    10 ||    45
       Potion            |     1 |       |     4 |       |       |     4 |    21 ||    30
 Stab: Sleeping          |       |    15 |     9 |     6 |     3 |       |       ||    33
       Distracted        |       |       |     4 |     5 |     9 |     6 |    12 ||    36
       Confused          |       |       |       |       |       |     2 |     1 ||     3
       Paralysed         |       |       |       |       |       |       |     3 ||     3
Armor: Ring mail         |     8 |       |       |       |       |       |       ||     8
       Quicksilver drago |    15 |   103 |   243 |   218 |   349 |       |       ||   928
       Crystal plate arm |       |       |       |       |   137 |   952 |   396 ||  1485
       Fire dragon scale |       |       |       |       |       |       |   238 ||   238
Dodge: Dodged            |    20 |   115 |   263 |   165 |   406 |   137 |   265 ||  1371
Block: Tower shield      |       |       |   254 |   425 |  1118 |  1084 |  1029 ||  3910
       Kite shield       |       |       |       |       |       |       |    82 ||    82
